Map: Acropolis LE

Players

Serral - Winner!

  • Race: Zerg Zerg
  • League: Master
  • Spawn Location: 11:00

lIIllllIIlll (INnoVation)

  • Race: Terran Terran
  • League: Master
  • Spawn Location: 5:00

Event: HomeStory Cup XX

VOD

Have the link to the VOD?

Description

Time

  • Played on: Nov. 24, 2019, 7:29 a.m.
  • Length: 16:40

All games in this series

Show
View Real Time Build Order
Export as new Build Order

Serral Zerg - Winner!

Build Orders: Hatch First 

Get SALT Encoding   

  12  0:00  Drone  
  13  0:12  Overlord  
  13  0:16  Drone  
  14  0:31  Drone x2  
  16  0:48  Hatchery  
  15  0:51  Drone  
  15  0:55  Drone  
  17  0:57  Drone  
  18  1:09  Extractor  
  17  1:13  Spawning Pool  
  17  1:16  Drone  
  17  1:19  Drone  
  18  1:28  Drone  
  19  1:39  Drone  
  20  1:51  Overlord  
  20  1:59  Queen x2  
  20  2:00  Zergling x4  
  26  2:10  Drone  
  26  2:11  Drone  
  28  2:16  Metabolic Boost  
  28  2:21  Drone  
  28  2:22  Drone  
  30  2:35  Hatchery  
  29  2:38  Drone  
  29  2:40  Drone  
  31  2:46  Queen  
  33  2:52  Overlord  
  33  2:55  Drone  
  33  2:57  Drone  
  35  2:59  Drone  
  35  3:03  Pneumatized Carapace  
  36  3:10  Drone  
  36  3:12  Drone x2  
  39  3:13  Drone  
  39  3:16  Overlord  
  41  3:20  Drone  
  41  3:24  Queen  
  43  3:30  Drone  
  44  3:34  Overlord  
  44  3:36  Drone  
  44  3:37  Drone  
  44  3:40  Zergling x4  
  48  3:41  Drone  
  48  3:47  Queen  
  51  3:49  Overlord  
  51  3:50  Drone  
  51  3:52  Drone  
  51  3:54  Drone  
  54  3:57  Drone x2  
  54  3:58  Zergling x2  
  54  3:59  Drone  
  54  4:02  Drone  
  59  4:06  Queen  
  61  4:11  Zergling x2  
  61  4:12  Overlord  
  61  4:13  Drone  
  61  4:14  Drone  
  64  4:20  Overlord  
  64  4:22  Drone x2  
  66  4:27  Lair  
  66  4:28  Overlord  
  66  4:30  Drone  
  66  4:31  Drone  
  68  4:32  Drone  
  68  4:35  Drone, Baneling Nest  
  68  4:36  Drone  
  68  4:37  Drone  
  71  4:39  Zergling x2  
  71  4:41  Zergling x2  
  73  4:45  Extractor  
  73  4:46  Extractor, Zergling x4  
  73  4:54  Drone, Overlord  
  73  4:55  Drone x3  
  73  4:56  Drone  
  73  4:57  Drone x2  
  80  5:05  Zergling x2  
  80  5:06  Drone  
  82  5:10  Overlord  
  82  5:12  Overlord  
  82  5:16  Overlord  
  82  5:17  Drone x3  
  85  5:21  Extractor, Drone x3  
  85  5:24  Centrifical Hooks  
  85  5:25  Overseer  
  85  5:26  Hatchery  
  85  5:28  Zergling x6  
  89  5:31  Zergling x2  
  89  5:34  Zergling x2  
  91  5:39  Zergling x2  
  91  5:40  Baneling  
  91  5:41  Baneling x6  
  91  5:42  Baneling  
  92  5:45  Evolution Chamber  
  92  5:46  Drone x3, Evolution Chamber  
  92  5:48  Extractor  
  92  5:54  Drone  
  92  5:56  Hatchery, Drone  
  93  5:59  Hydralisk Den  
  93  6:01  Overseer  
  93  6:02  Overlord  
  93  6:03  Drone x4  
  93  6:04  Drone x3  
  99  6:06  Baneling x2  
  99  6:12  Zerg Melee Weapons Level 1  
  99  6:19  Zergling x8  
  99  6:21  Zerg Ground Armor Level 1  
  99  6:22  Drone x3  
  106  6:26  Overlord  
  106  6:28  Muscular Augments  
  106  6:29  Drone x2  
  106  6:30  Zergling x6, Drone  
  112  6:36  Zergling x2  
  114  6:40  Zergling x6  
  114  6:46  Queen  
  118  6:47  Drone x3  
  118  6:50  Overlord  
  118  6:52  Baneling x5  
  121  6:56  Hydralisk x3  
  121  6:58  Overlord x4  
  126  7:02  Overlord  
  126  7:12  Baneling x4  
  126  7:13  Overlord x3  
  126  7:21  Hydralisk x7  
  140  7:23  Drone  
  141  7:39  Hydralisk x2  
  141  7:40  Zergling x22  
  153  7:46  Zergling x2  
  153  7:47  Zergling x4  
  144  7:55  Zergling x4, Hydralisk x2  
  144  7:56  Zergling x6  
  149  8:00  Hatchery  
  149  8:01  Drone  
  148  8:07  Zerg Melee Weapons Level 2  
  148  8:11  Extractor, Drone x3  
  150  8:13  Infestation Pit  
  150  8:15  Baneling x9  
  149  8:21  Zergling x22  
  160  8:27  Zerg Ground Armor Level 2  
  160  8:28  Extractor, Drone x3  
  160  8:30  Overlord  
  160  8:32  Zergling x4  
  160  8:33  Zergling x18  
  173  8:39  Zergling x10  
  173  8:41  Baneling x6  
  178  8:45  Grooved Spines  
  178  8:47  Zergling x2  
  178  8:48  Zergling x4  
  181  8:54  Zergling x4, Hive  
  182  9:00  Baneling  
  182  9:01  Baneling x4  
  182  9:02  Zergling x14  
  189  9:08  Zergling x6  
  192  9:12  Queen  
  192  9:14  Zergling x10  
  195  9:26  Baneling x4  
  195  9:28  Zergling x26  
  195  9:29  Zergling x6  
  188  9:33  Zergling x2  
  188  9:34  Baneling  
  188  9:35  Baneling x8  
  188  9:36  Zergling x2  
  188  9:37  Zergling x2  
  188  9:38  Baneling x5  
  188  9:43  Drone  
  188  9:46  Zergling x16  
  188  9:51  Zergling x14  
  183  9:59  Zergling x10  
  187  10:00  Zergling x6  
  187  10:01  Baneling x2  
  187  10:04  Baneling x2  
  187  10:06  Viper x2  
  184  10:08  Drone x2  
  184  10:12  Drone  
  184  10:13  Adrenal Glands  
  188  10:17  Zergling x4  
  188  10:18  Overlord x2  
  188  10:19  Overlord  
  184  10:23  Overlord  
  184  10:25  Drone x6  
  187  10:33  Baneling x18  
  187  10:38  Queen  
  187  10:39  Queen  
  191  10:49  Zergling x20  
  199  10:53  Zergling x26  
  195  11:00  Zergling x14  
  198  11:10  Zerg Ground Armor Level 3, Zerg Melee Weapons Level 3  
  198  11:12  Hatchery  
  198  11:14  Zergling x6  
  200  11:19  Baneling x12  
  200  11:25  Baneling x3  
  192  11:44  Zergling x36  
  192  11:45  Zergling x12  
  195  11:50  Zergling x2  
  195  11:51  Zergling x10  
  195  11:55  Zergling x2  
  186  12:03  Zergling x10  
  186  12:07  Baneling x10  
  189  12:09  Baneling x5  
  189  12:10  Zergling x2, Baneling, Hydralisk x2  
  189  12:11  Zergling x4  
  189  12:14  Zergling x4  
  196  12:17  Zergling x8  
  185  12:29  Zergling x26  
  184  12:33  Baneling x6  
  184  12:34  Zergling x2  
  182  12:39  Queen  
  182  12:41  Zergling x2  
  182  12:42  Zergling x10, Ultralisk Cavern  
  189  12:45  Baneling x12  
  189  12:46  Baneling x4  
  189  12:47  Zergling x4  
  191  12:57  Spore Crawler  
  190  12:58  Spore Crawler x2, Drone x2  
  190  12:59  Drone x3  
  190  13:00  Spore Crawler  
  190  13:02  Zergling x16  
  200  13:06  Hatchery  
  200  13:08  Overlord  
  200  13:11  Baneling x18  
  199  13:16  Overseer  
  199  13:18  Drone  
  192  13:29  Chitinous Plating  
  189  13:46  Drone  
  189  13:47  Drone x3  
  176  13:55  Drone x2  
  176  13:57  Zergling x40  
  176  14:01  Drone  
  176  14:02  Drone x3  
  199  14:03  Spire  
  199  14:06  Spore Crawler x2  
  199  14:07  Spore Crawler  
  199  14:08  Spore Crawler, Drone x5  
  199  14:09  Zerg Missile Weapons Level 1  
  174  14:33  Zergling x40, Ultralisk x2  
  171  14:48  Anabolic Synthesis  
  171  14:50  Drone x6  
  171  14:51  Viper  
  175  15:00  Ultralisk x3  
  175  15:03  Baneling x7  
  187  15:07  Extractor  
  186  15:14  Ultralisk  
  186  15:20  Zergling x16  
  200  15:23  Hatchery  
  200  15:25  Baneling x11  
  200  15:26  Baneling  
  198  15:38  Zergling x2  
  199  15:46  Baneling x15  
  199  15:53  Hatchery  
  186  16:05  Zergling x34  
  186  16:08  Zergling x2  
  186  16:09  Zergling x12  
  198  16:15  Zergling x6  
  198  16:16  Zergling x2  
  193  16:18  Zergling x14  
Show
View Real Time Build Order
Export as new Build Order

lIIllllIIlll Terran 

Build Orders: Hellion Opening, Reaper Expand 

Get SALT Encoding   

  12  0:00  SCV  
  13  0:13  SCV  
  14  0:16  Supply Depot  
  14  0:25  SCV  
  15  0:38  SCV  
  15  0:39  Barracks  
  16  0:43  Refinery  
  16  0:50  SCV  
  17  1:02  SCV  
  18  1:14  SCV  
  19  1:26  Orbital Command, Reaper  
  20  1:38  Command Center  
  20  1:48  Supply Depot  
  20  1:52  SCV  
  21  1:58  Marine  
  22  2:04  SCV  
  22  2:07  Factory  
  23  2:16  SCV  
  23  2:19  Barracks Reactor  
  24  2:29  SCV  
  25  2:36  Command Center  
  25  2:42  SCV  
  26  2:51  Orbital Command  
  26  2:54  SCV  
  26  2:57  Starport  
  27  3:03  Refinery  
  27  3:06  SCV  
  27  3:12  Hellion  
  32  3:13  Hellion  
  32  3:15  Barracks Tech Lab  
  32  3:19  SCV x2  
  34  3:31  SCV x2  
  34  3:33  Hellion  
  40  3:34  Hellion  
  40  3:35  Marine  
  40  3:38  Viking  
  43  3:44  SCV x2  
  45  3:48  Orbital Command  
  45  3:56  SCV x2  
  45  3:58  Hellion x2  
  51  4:06  Supply Depot  
  51  4:07  Stimpack  
  51  4:08  SCV x2  
  51  4:09  Marine  
  54  4:12  Starport Reactor  
  54  4:20  SCV x2  
  56  4:26  Orbital Command  
  56  4:27  Marine  
  56  4:30  Factory Tech Lab  
  56  4:31  Barracks  
  57  4:32  Supply Depot, SCV x2  
  57  4:34  Barracks  
  59  4:42  Engineering Bay  
  59  4:43  Engineering Bay  
  59  4:44  SCV x2  
  59  4:45  Marine  
  62  4:48  Refinery  
  62  4:49  Refinery  
  62  4:51  SCV  
  63  4:56  Starport Reactor, SCV x2  
  63  4:57  Supply Depot  
  65  5:02  Marine  
  65  5:05  SCV  
  67  5:08  SCV x2  
  67  5:10  Terran Infantry Weapons Level 1, Terran Infantry Armor Level 1  
  69  5:17  SCV  
  69  5:19  Marine x2  
  69  5:20  SCV  
  69  5:21  SCV  
  74  5:22  Supply Depot  
  74  5:27  Supply Depot  
  74  5:28  Barracks  
  74  5:29  Barracks  
  74  5:33  Marine, SCV x3  
  74  5:34  Marine, Medivac  
  81  5:36  Medivac  
  83  5:44  Supply Depot  
  83  5:45  SCV x3  
  83  5:48  Marine x2, Combat Shield  
  83  5:49  Marine  
  89  5:55  Armory  
  90  5:57  SCV x3  
  92  6:04  Marine x2  
  92  6:05  Marine  
  92  6:06  Marine x2  
  92  6:08  Medivac x2, Supply Depot  
  101  6:12  SCV x3  
  101  6:17  Factory  
  104  6:23  Refinery  
  104  6:24  SCV x3  
  107  6:27  Marine x2  
  107  6:28  Barracks Reactor x2  
  107  6:29  Supply Depot  
  107  6:30  Marine x3  
  107  6:32  Supply Depot  
  112  6:37  SCV x3  
  115  6:41  Refinery  
  115  6:43  Supply Depot  
  115  6:46  Marine x2  
  116  6:50  Marine x3  
  116  6:53  SCV x2  
  116  6:54  SCV  
  123  6:56  Siege Tank  
  126  7:03  Supply Depot  
  126  7:04  Factory Tech Lab  
  126  7:11  Terran Infantry Armor Level 2  
  126  7:12  Terran Infantry Weapons Level 2  
  126  7:13  Terran Vehicle And Ship Armor Level 1, Command Center  
  126  7:15  Marine x3  
  126  7:20  Marine x4  
  132  7:23  Siege Tank  
  132  7:26  Supply Depot  
  135  7:30  Supply Depot  
  135  7:36  Medivac x2  
  139  7:42  Marine  
  140  7:51  Siege Tank  
  124  8:03  Marine x2, Barracks  
  124  8:04  SCV x3, Barracks  
  128  8:05  Barracks  
  128  8:09  Siege Tank  
  130  8:14  Marine x4  
  130  8:15  Marauder, Marine x2  
  130  8:16  SCV x3  
  141  8:20  Marine  
  141  8:23  Siege Tank  
  145  8:27  Medivac x2  
  145  8:28  SCV x3  
  145  8:30  Supply Depot  
  152  8:38  Planetary Fortress  
  152  8:41  Siege Tank  
  155  8:46  Marine x4, Marauder, Concussive Shells  
  163  8:54  Refinery x2, Barracks Tech Lab x2  
  161  8:57  Marine x4  
  161  9:01  Medivac x2  
  169  9:03  Barracks Tech Lab  
  169  9:04  Marine x2  
  169  9:08  Marauder  
  169  9:09  Sensor Tower  
  172  9:16  Command Center  
  172  9:17  Siege Tank  
  172  9:18  Missile Turret  
  172  9:19  Missile Turret  
  172  9:20  Marauder x2, Marine x2  
  172  9:24  Siege Tank  
  181  9:29  Marauder  
  178  9:32  Command Center  
  174  9:45  Terran Infantry Weapons Level 3, Terran Infantry Armor Level 3  
  174  9:50  Marauder x2  
  173  9:53  Marine  
  173  9:55  Marine, Marauder  
  172  10:00  Marine  
  172  10:06  Supply Depot  
  172  10:10  Siege Tank  
  172  10:13  Supply Depot  
  173  10:19  SCV  
  173  10:21  Marauder x2, SCV x2  
  169  10:24  Supply Depot  
  165  10:30  Siege Tank  
  165  10:32  Marine x5, Marauder x2  
  165  10:33  SCV  
  165  10:34  Marine x2  
  172  10:43  Marauder, Medivac x2  
  174  10:52  Planetary Fortress  
  174  10:55  SCV x3  
  174  10:56  Marauder x2  
  174  10:57  Marauder  
  149  11:10  Marine  
  149  11:11  Command Center  
  150  11:14  Sensor Tower, Siege Tank x2  
  150  11:17  Medivac x2  
  150  11:18  Marauder x2, Marine x2  
  163  11:22  Terran Vehicle And Ship Armor Level 2  
  164  11:25  Marine  
  164  11:26  Marine x6  
  164  11:32  Marine  
  172  11:36  Marine x2  
  172  11:39  Marine x2  
  173  11:43  Marine  
  173  11:44  Marine x2  
  173  11:45  Marauder, Marine x2  
  159  11:50  Marine  
  159  11:53  Marine  
  159  11:54  Marine  
  156  11:57  Marine, Marauder, Siege Tank x2  
  154  12:01  Marine x2  
  154  12:02  Marine  
  154  12:05  Command Center  
  155  12:14  Command Center  
  152  12:19  Marauder x3  
  152  12:20  Marine x2  
  152  12:22  Marine  
  144  12:33  Siege Tank x2  
  144  12:37  Medivac x2  
  144  12:41  SCV x2  
  150  12:50  Marine x7  
  157  12:57  SCV x2  
  157  12:58  SCV  
  160  13:02  Marine  
  160  13:03  Marine x4  
  165  13:08  Siege Tank  
  168  13:18  Planetary Fortress  
  168  13:19  SCV x3  
  171  13:23  Sensor Tower  
  170  13:31  Orbital Command, SCV x3  
  173  13:38  Marine x6, Medivac x2  
  173  13:39  Marine x4  
  173  13:41  Marine x2  
  163  13:56  SCV x2  
  163  13:57  Planetary Fortress, SCV x2  
  163  13:58  Marine, Siege Tank  
  163  13:59  Marine, Siege Tank  
  163  14:00  Marine  
  173  14:10  Sensor Tower, SCV x4  
  173  14:16  Supply Depot x2  
  177  14:18  Marine x2  
  177  14:23  Marauder x3  
  169  14:32  Marine x2  
  169  14:36  Marine, Marauder  
  169  14:38  Siege Tank x2  
  161  14:40  SCV x2  
  161  14:41  SCV  
  161  14:44  Marauder  
  152  14:46  Medivac x2  
  149  14:55  Command Center  
  149  14:58  Marine  
  149  14:59  Marine  
  152  15:00  Refinery, SCV  
  152  15:01  Marine x3  
  152  15:02  Marine x2  
  157  15:09  Marine x5  
  162  15:16  Marine  
  162  15:17  Marine, SCV  
  162  15:18  SCV x2  
  167  15:26  Medivac  
  167  15:27  Marine x2, Medivac  
  167  15:28  Marine x3  
  176  15:31  Sensor Tower  
  176  15:36  Starport  
  176  15:37  Starport  
  176  15:38  Fusion Core  
  176  15:46  Siege Tank  
  176  15:47  Siege Tank  
  176  15:48  Marauder x2  
  186  15:55  Supply Depot  
  186  15:56  Supply Depot  
  171  16:11  Marauder x4  
  120  16:12  Marine x2  
  120  16:17  Marine x6  
Tags
 
Add a new tag
Caveats
  • Supply blocks, unpowered buildings, or Contaminate may cause inaccurate times.
  • Supply counts are checked every 10 seconds.